 Dungeon Crawl Stone Soup version 0.30.0-29-ga12c61a403 (webtiles) character file.

Game seed: 3547762688488708237

168 Peloso the Shield-Bearer (level 5, -3/46 HPs)
             Began as a Minotaur Fighter on June 22, 2023.
             Slain by a kobold brigand
             ... wielding a +0 short sword
              (6 damage)
             ... in a sewer.
             The game lasted 00:04:32 (2432 turns).

Peloso the Shield-Bearer (Minotaur Fighter)         Turns: 2432, Time: 00:04:32

Health: -3/46      AC:  7    Str: 21    XL:     5   Next: 24%
Magic:  4/4        EV:  9    Int:  5    God:
Gold:   53         SH:  5    Dex: 11    Spells: 4/4 levels left

rFire   . . .        a - +0 long sword
rCold   . . .        d - +0 buckler
rNeg    . . .        b - +0 scale mail
rPois   .            (helmet restricted)
rElec   .            (no cloak)
rCorr   .            (no gloves)
SInv    .            (no boots)
Will    .....        (no amulet) Stlth
                     (no ring)
HPRegen 0.27/turn    (no ring)
MPRegen 0.09/turn

%: no passive effects
@: very slow
A: horns 2, retaliatory headbutt
a: no special abilities


You were in a sewer.
You visited 1 branch of the dungeon, and saw 3 of its levels.
You also visited: Sewer.

You collected 53 gold pieces.

Inventory:

Hand Weapons
 a - a +0 long sword (weapon)
 c - a +2 dagger of electrocution
Armour
 b - a +0 scale mail (worn)
 d - a +0 buckler (worn)
Scrolls
 e - a scroll of immolation {unknown}
 g - a scroll of blinking {unknown}
 m - a scroll of identify {unknown}
 o - a scroll of teleportation {unknown}
Potions
 f - 2 potions of might
 h - a potion of heal wounds
 i - 2 potions of cancellation
 j - a potion of flight {unknown}
 k - a potion of brilliance {unknown}
 l - a potion of mutation {unknown}
 n - a potion of invisibility {unknown}


   Skills:
 + Level 4.2 Fighting
 + Level 4.7 Long Blades
 + Level 4.3 Armour
 + Level 0.8 Dodging
 + Level 0.1 Stealth
 + Level 4.7 Shields


You had 4 spell levels left.
You didn't know any spells.
Your spell library contained the following spells:

 Spells                   Type           Power      Damage    Failure   Level
 Sandblast                Erth           0%         2d4       86%         1
 Passwall                 Tmut/Erth      0%         N/A       95%         2
 Stone Arrow              Conj/Erth      0%         3d7       99%         3


Dungeon Overview and Level Annotations

Branches:
Dungeon (3/15)              Sewer (1/1)

Altars:
Ru


Innate Abilities, Weirdness & Mutations

You have a pair of horns on your head.
You reflexively headbutt those who attack you in melee.


Message History

You block the kobold brigand's attack.
Your unstable footing causes you to fumble your attack.
The kobold brigand barely misses you.
The kobold brigand hits you with a +0 short sword.
Your unstable footing causes you to fumble your attack.
You block the kobold brigand's attack.
Your unstable footing causes you to fumble your attack.
The kobold brigand closely misses you.
Your unstable footing causes you to fumble your attack.
The kobold brigand hits you but does no damage.
You barely miss the kobold brigand. You headbutt the kobold brigand.
The kobold brigand is heavily wounded.
The kobold brigand hits you but does no damage.
Your unstable footing causes you to fumble your attack.
The kobold brigand hits you but does no damage.
The kobold brigand hits you with a +0 short sword.
You barely miss the kobold brigand.
You headbutt the kobold brigand, but do no damage.
The kobold brigand is heavily wounded.
The kobold brigand hits you but does no damage.
Your unstable footing causes you to fumble your attack.
The kobold brigand hits you with a +0 short sword.
Your unstable footing causes you to fumble your attack.
The kobold brigand hits you with a +0 short sword.
* * * LOW HITPOINT WARNING * * *
You hit the kobold brigand but do no damage.
You headbutt the kobold brigand.
The kobold brigand is severely wounded.
The kobold brigand hits you with a +0 short sword.
* * * LOW HITPOINT WARNING * * *
You barely miss the kobold brigand.
The kobold brigand is severely wounded.
The kobold brigand hits you with a +0 short sword.
* * * LOW HITPOINT WARNING * * *
The kobold brigand hits you with a +0 short sword.
* * * LOW HITPOINT WARNING * * *
You hit the kobold brigand.
The kobold brigand is severely wounded.
The kobold brigand hits you with a +0 short sword.
You die...

≈≈≈≈~.~~~.~~~#~#########.##
≈≈≈≈~.P~~....#~#~~~~~~~†~.#
≈≈≈≈≈~.....~.#~#########.##
≈≈≈≈≈~.~...~.#~.P# #.#
#######PP.~~.#~##.# ###
~~~~~~~P.~~~~#~# #
#########....~.#~#
≈≈≈≈≈≈≈..~..~~.#~###
≈≈≈≈≈≈≈..~...@.~.~~#
≈≈≈≈≈≈≈.~~..K#######
≈≈≈≈≈≈≈≈≈.~~P~~K~~~~
≈≈≈≈≈≈≈≈≈≈≈..#######
≈≈≈≈≈≈≈≈≈≈≈≈≈≈≈
#≈≈≈≈≈≈≈≈≈≈≈≈≈≈≈
#≈≈≈≈≈≈≈≈≈≈≈≈≈≈≈
≈≈≈≈≈≈≈≈≈≈≈≈ ≈≈≈≈≈≈≈≈≈≈≈


You could see a kobold brigand.

Vanquished Creatures
  An orc wizard (D:3)
  3 gnolls (D:2)
  3 adders
  2 river rats (Sewer)
  A dart slug (D:2)
  2 worms (D:3)
  2 orcs (D:3)
  7 ball pythons
  2 bats
  5 endoplasms
  A giant cockroach (D:2)
  4 hobgoblins
  4 jackals
  5 kobolds
  2 quokkas (D:1)
  4 frilled lizards
  8 goblins
  9 rats
65 creatures vanquished.

Notes
Turn   | Place    | Note
-------+----------+-------------------------------------------
     0 | D:1      | Peloso the Minotaur Fighter began the quest for the Orb.
     0 | D:1      | Reached XP level 1. HP: 19/19 MP: 0/0
   147 | D:1      | Reached XP level 2. HP: 27/27 MP: 1/1
   519 | D:1      | Found a faded altar of an unknown god.
  1175 | D:2      | Reached XP level 3. HP: 33/33 MP: 2/2
  1238 | D:2      | Found a sacrificial altar of Ru.
  1558 | D:2      | Reached XP level 4. HP: 40/40 MP: 3/3
  2050 | D:3      | Found a glowing drain.
  2088 | Sewer    | Entered a sewer
  2112 | Sewer    | Reached XP level 5. HP: 19/46 MP: 4/4
  2431 | Sewer    | HP: 2/46 [kobold brigand/+0 short sword (5)]
  2432 | Sewer    | Slain by a kobold brigand

Illustrated notes

Levels and vault maps discovered:
D:1:      mainiacjoe_arrival_reflecting_pool, layout_basic,
          chequers_ecumenical_altar_twisty
D:2:      layout_basic, basic_altar
D:3:      layout_loops_ring, lemuel_coloured_pillars_altar,
          cheibrodos_sewer_entry_bend
Sewer:    sewer_co_scattered_pipes

Skill      XL: |  1  2  3 |
---------------+----------+-----
Long Blades    | 3 4 |  4.7
Fighting       | 4 |  4.2
Armour         | 4 |  4.3
Shields        | 4 |  4.7
Dodging        | |  0.8
Stealth        | |  0.1

Action                     |  1- 3 |  4- 6 || total
---------------------------+-------+-------++-------
  Melee: Long sword        |    98 |   120 ||   218
         Headbutt          |    10 |    14 ||    24
    Use: Potion            |     2 |     1 ||     3
         Scroll            |     1 |       ||     1
 Armour: Scale mail        |    50 |    43 ||    93
         Skin              |       |     2 ||     2
  Dodge: Dodged            |    43 |    33 ||    76
  Block: Buckler           |    18 |    22 ||    40
